 Dungeon Crawl Stone Soup version 0.17-a0-1685-g57e755e (webtiles) character file.

101 Bodrick the Ruffian (level 4, -2/38 HPs)
             Began as a Naga Transmuter on Aug 19, 2015.
             Slain by Crazy Yiuf
             ... wielding a +4 quarterstaff of chaos
              (7 damage)
             ... on level 2 of the Dungeon.
             The game lasted 00:05:16 (2510 turns).

Bodrick the Ruffian (Naga Transmuter)               Turns: 2510, Time: 00:05:16

Health: -2/38      AC:  2    Str: 12    XL:     4   Next: 75%
Magic:  7/7        EV: 10    Int: 15    God:
Gold:   141        SH:  0    Dex: 11    Spells: 2 memorised, 3 levels left

rFire  . . .     SeeInvis +       - Unarmed
rCold  . . .     Clarity  .     b - +0 robe
rNeg   . . .     SustAt   .     (no shield)
rPois  +         Gourm    +     (no helmet)
rElec  .         Spirit   .     (no cloak)
rCorr  .         Warding  .     (no gloves)
rMut   .         Stasis   .     (no barding)
MR     +....                    f - amulet of the gourmand
Stlth  +.........               (no ring)
                                i - ring of protection from magic

@: short of breath, very slow, somewhat resistant to hostile enchantments, very
unstealthy
A: see invisible, deformed body, poison resistance, slowness 2, slow metabolism
1, spit poison 2, AC +1
a: Spit Poison


You were on level 2 of the Dungeon.
You were not hungry.

You visited 1 branch of the dungeon, and saw 2 of its levels.

You collected 141 gold pieces.

Inventory:

Missiles
 a - 32 arrows
Armour
 b - a +0 robe (worn)
Jewellery
 f - an amulet of the gourmand (around neck)
 i - a ring of protection from magic (left hand)
 j - a cursed ring of teleportation {unknown}
Scrolls
 g - 2 scrolls of recharging {unknown}
 h - 2 scrolls of amnesia {unknown}
Potions
 e - a potion of lignification {unknown}
Books
 c - a book of Changes

   Spells                             Type                      Level
   a - Beastly Appendage              Transmutation                1
   b - Sticks to Snakes               Transmutation                2
   c - Spider Form                    Transmutation/Poison         3
   d - Ice Form                       Ice/Transmutation            4
   e - Blade Hands                    Transmutation                5
Comestibles
 d - 3 bread rations


   Skills:
 - Level 1.0 Fighting
 - Level 1.5 Dodging
 + Level 5.3 Unarmed Combat
 - Level 2.0 Spellcasting
 - Level 2.0 Transmutations


You had 3 spell levels left.
You knew the following spells:

 Your Spells              Type           Power        Failure   Level  Hunger
a - Beastly Appendage     Trmt           #.....       12%         1    #......
b - Spider Form           Trmt/Pois      #.........   43%         3    ###....


Dungeon Overview and Level Annotations

Branches:
Dungeon (2/15)

Altars:

Annotations:
D:2 Crazy Yiuf


Innate Abilities, Weirdness & Mutations

You cannot wear boots.
Your serpentine skin is tough (AC +1).
You have supernaturally acute eyesight.
Armour fits poorly on your strangely shaped body.
Your system is resistant to poisons.
You cover ground very slowly.
You have a slow metabolism.
You can spit poison.


Message History

Press: ? - help, Shift-Dir - straight line, f/p - Crazy Yiuf
Aim: Crazy Yiuf, wielding a quarterstaff of chaos and wearing a runed cloak (heavily wounded, poisoned)
The splash of poison misses Crazy Yiuf.
You feel slightly more hungry.
Crazy Yiuf looks more healthy.
Crazy Yiuf misses you.
You barely miss Crazy Yiuf. You punch Crazy Yiuf, but do no damage.
Crazy Yiuf is heavily wounded.
Crazy Yiuf hits you with a quarterstaff of chaos!
Crazy Yiuf burns you!
Unknown command.
You hit Crazy Yiuf but do no damage.
Crazy Yiuf is heavily wounded.
Crazy Yiuf hits you with a quarterstaff of chaos.
* * * LOW HITPOINT WARNING * * *
Crazy Yiuf freezes you.
* * * LOW HITPOINT WARNING * * *
Unknown command.
You hit Crazy Yiuf but do no damage.
Crazy Yiuf is heavily wounded.
Crazy Yiuf hits you with a quarterstaff of chaos!
You die...

·▒ ▒··▒ ·▒ ▒▒%▒▒
·▒ ▒··▒ ·▒ ▒▒·▒
▒▒ ▒·▒ ▒·▒ ▒·▒▒
▒▒▒ ▒▒▒▒··▒ ▒)))▒
▒▒@····▒
▒·)))g▒▒▒▒g·····▒
▒))▒)·····▒▒
▒▒▒)▒)···▒▒
▒▒▒▒▒▒▒▒


You could see Crazy Yiuf.

Vanquished Creatures
  Ijyb (D:2)
  3 gnolls (D:2)
  A giant gecko (D:2)
  2 ball pythons (D:1)
  3 bats
  A giant cockroach (D:1)
  7 hobgoblins
  5 jackals
  A giant newt (D:1)
  5 goblins
  8 kobolds
  5 rats
42 creatures vanquished.

Notes
Turn   | Place    | Note
--------------------------------------------------------------
     0 | D:1      | Bodrick the Naga Transmuter began the quest for the Orb.
     0 | D:1      | Reached XP level 1. HP: 18/18 MP: 3/3
     3 | D:1      | Noticed an electric eel
     3 | D:1      | Noticed an electric eel
   248 | D:1      | Reached XP level 2. HP: 23/25 MP: 5/5
  1426 | D:1      | Reached skill level 4 in Unarmed Combat
  1521 | D:1      | Reached XP level 3. HP: 19/31 MP: 6/6
  1644 | D:1      | Learned a level 3 spell: Spider Form
  2146 | D:2      | Noticed Ijyb
  2157 | D:2      | Killed Ijyb
  2157 | D:2      | Reached XP level 4. HP: 31/38 MP: 7/7
  2200 | D:2      | Reached skill level 5 in Unarmed Combat
  2500 | D:2      | Noticed Crazy Yiuf
  2510 | D:2      | Slain by Crazy Yiuf

Vault maps used:
D:1:      arrival_aquarium_b
D:2:      minmay_door_path, uniq_crazy_yiuf_cottage, uniq_iyjb

Action                   |  1- 3 |  4- 6 || total
-------------------------+-------+-------++-------
Melee: Unarmed           |   154 |    24 ||   178
Throw: Stone             |     9 |       ||     9
 Abil: Spit Poison       |     3 |     9 ||    12
 Stab: Sleeping          |     2 |       ||     2
  Eat: Chunk             |     6 |     3 ||     9
